[Event "Live Chess"]
[Site "Chess.com"]
[Date "2024.06.02"]
[Round "-"]
[White "CheckThis4"]
[Black "Frankie_Badacsonyi"]
[Result "1-0"]
[WhiteElo "2693"]
[BlackElo "2432"]
[TimeControl "300"]
[EndTime "16:37:45 PDT"]
[Termination "CheckThis4 won by resignation"]

1. d4 Nf6 2. Nc3 d5 3. Bf4 e6 4. Nb5 Na6 5. e3 Be7 6. Nf3 O-O 7. Be2 c6 8. Nc3 c5 9. O-O Bd7 10. Ne5 Be8 11. h3 Nb4 12. Qd2 a6 13. Bf3 Rc8 14. a3 Nc6 15. Ne2 Ne4 16. Bxe4 dxe4 17. Rfd1 cxd4 18.
Nxc6 Bxc6 19. Nxd4 Bf6 20. Nxc6 Qxd2 21. Rxd2 Rxc6 22. c3 Rfc8 23. Rad1 h5 24. g4 hxg4 25. hxg4 g5 26. Bg3 Kg7 27. Kg2 b5 28. Rd7 R8c7 29. Rxc7 Rxc7 30. Bxc7 1-0

[Event "Live Chess"]
[Site "Chess.com"]
[Date "2024.06.02"]
[Round "-"]
[White "stevochess11"]
[Black "PaulHumphreys"]
[Result "1-0"]
[WhiteElo "1703"]
[BlackElo "1394"]
[TimeControl "300"]
[EndTime "16:37:53 PDT"]
[Termination "stevochess11 won by resignation"]

1. d4 d5 2. Nf3 e6 3. e3 c5 4.
Bd3 c4 5. Be2 Nf6 6. b3 b5 7. a4 Qa5+ 8. Bd2 Bb4 9. c3 Bd6 10.
bxc4 bxc4 11. Ne5 Bd7 12. Bc1 O-O 13. Nxd7 Nbxd7 14. Na3 Qxc3+ 15. Bd2 Qb3 16. Nb5 Qxd1+ 17. Bxd1 Bb8 18. Bb4 Rc8 19. O-O a6 20. Nd6 Bxd6 21.
Bxd6 Ne4 22. Bb4 a5 23. Be1 c3 24. Bc2 Ndf6 25. f3 Nd2 26. Rf2 Rab8 27. Rc1 Nb3 28. Bxb3 Rxb3 29. Rfc2 Kf8 30. Bxc3 Ra3 31. Bb2 Rxc2 32.
Bxa3+ 1-0

[Event "Live Chess"]
[Site "Chess.com"]
[Date "2024.06.02"]
[Round "-"]
[White "oscalik"]
[Black "gobbles19"]
[Result "1-0"]
[WhiteElo "2279"]
[BlackElo "2268"]
[TimeControl "300"]
[EndTime "16:38:06 PDT"]
[Termination "oscalik won by resignation"]

1. e4 Nf6 2. e5 Nd5 3. Nc3 Nxc3 4. dxc3 d6 5. Bc4 g6 6. Bf4 Bg7 7. Qe2 O-O 8. O-O-O Nc6 9. Nf3 a6 10. e6 fxe6 11.
Bxe6+ Bxe6 12. Qxe6+ Kh8 13. g3 Qe8 14. h4 Rf6 15.
Qe3 e5 16. Bg5 Rf8 17. h5 Qf7 18. Nh4 gxh5 19. Rd2 Qxa2 20. Rdd1 Qf7 21. Rhf1 Rae8 22. Kb1 Ne7 23. Qa7 Rb8 24. f4 Ng6 25. fxe5 Qxf1 26.
Rxf1 Rxf1+ 27. Ka2 Rff8 28. e6 Ne5 29. e7 Rfe8 30. Nf5 Nc6 31. Qe3 Be5 32. Qf3 a5 33. Qxh5 b5 34. Qh6 1-0

[Event "Live Chess"]
[Site "Chess.com"]
[Date "2024.06.02"]
[Round "-"]
[White "ShanthamGrarks"]
[Black "WelshTiger"]
[Result "1-0"]
[WhiteElo "1869"]
[BlackElo "2459"]
[TimeControl "300"]
[EndTime "16:38:35 PDT"]
[Termination "ShanthamGrarks won by checkmate"]

1. d4 d5 2. Nc3 c6 3. e4 dxe4 4. f3 Nf6 5. fxe4 e5 6. d5 Bb4 7. Bg5 Nbd7 8. Nf3 Qa5 9. Qd3 Bxc3+ 10. bxc3 Nxe4 11. Qxe4 Qxc3+ 12. Kf2 Qxa1 13. dxc6 bxc6 14.
Qxc6 Rb8 15. Qd6 Qxa2 16. Qe7# 1-0

[Event "Live Chess"]
[Site "Chess.com"]
[Date "2024.06.02"]
[Round "-"]
[White "DoctorMantisTobogganMD"]
[Black "wadsy27"]
[Result "0-1"]
[WhiteElo "2176"]
[BlackElo "2576"]
[TimeControl "300"]
[EndTime "16:38:45 PDT"]
[Termination "wadsy27 won by checkmate"]

1. e4 e6 2. Nf3 d5 3. e5 c5 4. b4 d4 5. bxc5 Bxc5 6. Bd3 Nc6 7. O-O Nge7 8. Re1 Ng6 9. Be4 Qc7 10. d3 b6 11. Qe2 Bb7 12. h4 Nb4 13. Bxb7 Qxb7 14.
h5 Ne7 15. a3 Nbd5 16. Qe4 Rc8 17. Bg5 h6 18. Bxe7 Qxe7 19. Nbd2 Nc3 20. Qg4 O-O 21.
Ne4 Nxe4 22. Qxe4 Bxa3 23. Nxd4 Bb2 24. Ra2 Bxd4 25. Qxd4 Rfd8 26. Qe3 Rd5 27. c4 Rdc5 28. Rea1 a5 29. Rb2 R8c6 30. Rab1 Qc7 31. Rb5 Rxb5 32. Rxb5 Rc5 33. Rb1 a4 34. f4 a3 35.
Ra1 Ra5 36. Ra2 Qc6 37. Kf2 Ra8 38. Ke1 b5 39. cxb5 Qxb5 40. Ke2 Qd5 41. Qd2 Qxg2+ 42.
Ke3 Qg3+ 43. Ke4 Qh3 44. Qg2 Qxg2+ 45. Rxg2 a2 46. Rxa2 Rxa2 47. f5 exf5+ 48. Kxf5 Rg2 49. d4 Rg5+ 50. Kf4 Rxh5 51. d5 Kf8 52. d6 Ke8 53.
Ke4 Kd7 54. Kd5 f6 55. Kd4 Rxe5 56. Kd3 Kxd6 57. Kd2 Kd5 58. Kd3 Re6 59. Kd2 Kd4 60. Kc2 Re2+ 61. Kb3 f5 62. Kb4 Rb2+ 63. Ka3 Kc3 64.
Ka4 Rb1 65. Ka3 Ra1# 0-1

[Event "Live Chess"]
[Site "Chess.com"]
[Date "2024.06.02"]
[Round "-"]
[White "Duke_of_Bebington"]
[Black "raclement"]
[Result "0-1"]
[WhiteElo "1632"]
[BlackElo "1724"]
[TimeControl "300"]
[EndTime "16:39:00 PDT"]
[Termination "raclement won by resignation"]

1. e4 c5 2. c3 g6 3. d4 cxd4 4.
cxd4 d5 5. e5 Bg7 6. f4 Nc6 7. Nf3 Bg4 8. Be2 e6 9. Nc3 Nge7 10.
O-O Nf5 11. Nb5 O-O 12. h3 Bxf3 13. Bxf3 a6 14. Nc3 Nfxd4 15. Be3 Nxf3+ 16. Rxf3 Rc8 17. Bd4 b5 18. a3 Na5 19. Qe2 Nc6 20. Qf2 Nxd4 21.
Qxd4 Re8 22. b3 Bf8 23. a4 Bc5 0-1

[Event "Live Chess"]
[Site "Chess.com"]
[Date "2024.06.02"]
[Round "-"]
[White "vincents82"]
[Black "AndrewBak1"]
[Result "1-0"]
[WhiteElo "2036"]
[BlackElo "1878"]
[TimeControl "300"]
[EndTime "16:39:05 PDT"]
[Termination "vincents82 won by resignation"]

1. e4 c5 2. Nf3 Nc6 3. d4 cxd4 4. Nxd4 Nf6 5. Nc3 e5 6. Ndb5 d6 7. Bg5 a6 8. Na3 b5 9. Nd5 Qa5+ 10. Bd2 Qd8 11. Bg5 Be7 12. Bxf6 Bxf6 13. c4 b4 14. Nc2 a5 15. g3 O-O 16. Bg2 Ba6 17. b3 g6 18. O-O Bg7 19. Nce3 Nd4 20. Nc2 Nxc2 21.
Qxc2 Rc8 22. Kh1 f5 23. exf5 gxf5 24. Bh3 f4 25. Bxc8 Bxc8 26. gxf4 exf4 27. Rg1 f3 28. Rg3 Kh8 29. Rag1 Be5 30. Rg5 Bh3 31. Qe4 Bg2+ 32. R5xg2 fxg2+ 33. Qxg2 Qh4 34. f4 Bd4 35. Qg3 Qh5 36. Re1 Rg8 37. Qd3 Qg4 38. Qxd4+ 1-0

[Event "Live Chess"]
[Site "Chess.com"]
[Date "2024.06.02"]
[Round "-"]
[White "Queensandpawns"]
[Black "StoreySniper"]
[Result "0-1"]
[WhiteElo "2304"]
[BlackElo "2534"]
[TimeControl "300"]
[EndTime "16:39:15 PDT"]
[Termination "StoreySniper won by resignation"]

1. d4 g6 2. h4 Bg7 3. h5 c5 4.
h6 Bxd4 5. c3 Bf6 6. Nf3 Nc6 7.
e4 d6 8. Bc4 Bg4 9. Bg5 Bxf3 10. Qxf3 Bxg5 11. Bxf7+ Kf8 12. Bxg6+ Nf6 13. Bf5 Bc1 14.
Qg3 Rg8 15. Qf3 Bxb2 0-1

[Event "Live Chess"]
[Site "Chess.com"]
[Date "2024.06.02"]
[Round "-"]
[White "GwaryTek"]
[Black "Kyrylo7770"]
[Result "1-0"]
[WhiteElo "1921"]
[BlackElo "1626"]
[TimeControl "300"]
[EndTime "16:39:21 PDT"]
[Termination "GwaryTek won by checkmate"]

1. d4 d5 2. c4 Bg4 3. cxd5 Qxd5 4.
Nc3 Qd8 5. f3 Bh5 6. e4 e6 7. Be3 Bb4 8. Qa4+ Nc6 9. Bb5 Bxc3+ 10. bxc3 Ne7 11. Ne2 O-O 12. O-O Ng6 13. Bxc6 bxc6 14.
Qxc6 Rb8 15. Rab1 Rxb1 16. Rxb1 Ne7 17. Qc5 Bg6 18. Rb7 Nc8 19. Qxc7 Qh4 20. Qg3 Qd8 21.
h4 h5 22. Kh2 Nb6 23. Rxa7 Nc4 24. Bg5 Qc8 25. Rc7 Qa6 26. Nf4 Qxa2 27. Nxg6 fxg6 28.
Be7 Rb8 29. Qxg6 Ne3 30. Bd6 Rb2 31. Qxg7# 1-0

[Event "Live Chess"]
[Site "Chess.com"]
[Date "2024.06.02"]
[Round "-"]
[White "Crowded_House"]
[Black "dmitro74"]
[Result "0-1"]
[WhiteElo "1719"]
[BlackElo "1742"]
[TimeControl "300"]
[EndTime "16:39:33 PDT"]
[Termination "dmitro74 won by resignation"]

1. d4 d5 2. Bg5 h6 3. Bh4 g5 4. Bg3 Bg7 5. c3 Bf5 6. e3 Nd7 7. Bd3 Bxd3 8. Qxd3 e5 9. dxe5 Nxe5 10. Bxe5 Bxe5 11. Nf3 Bg7 12. O-O Nf6 13. Nbd2 O-O 14. Rfd1 c6 15. Nb3 Qc7 16. h3 Ne4 17. Nbd2 f5 18. Nd4 Rae8 19. Rac1 Nxd2 20. Rxd2 f4 21. exf4 Qxf4 22. Rcd1 a6 23. Re2 Bxd4 24. Rxe8 Bxf2+ 25. Kh1 Rxe8 26. Qg6+ Kf8 27. Qxh6+ Ke7 28. Qg6 Rf8 29.
Rd3 Qf5 30. Qg7+ Rf7 31. Rf3 Qxf3 32. gxf3 Rxg7 33. Kg2 Be3 0-1

[Event "Live Chess"]
[Site "Chess.com"]
[Date "2024.06.02"]
[Round "-"]
[White "grillage"]
[Black "NebodarMatevich"]
[Result "1-0"]
[WhiteElo "1845"]
[BlackElo "1561"]
[TimeControl "300"]
[EndTime "16:39:46 PDT"]
[Termination "grillage won by resignation"]

1. d4 Nf6 2. Nf3 g6 3. c4 Bg7 4.
g3 O-O 5. Bg2 d6 6. O-O Nfd7 7.
Nc3 c6 8. d5 Na6 9. dxc6 bxc6 10. Bg5 Rb8 11. Rb1 h6 12. Be3 c5 13. a3 Bb7 14. Qc2 Ne5 15. Nxe5 Bxg2 16. Nxf7 Rxf7 17. Kxg2 Qd7 18. Qxg6 Rf6 19. Qd3 Rbf8 20. Nd5 R6f7 21. Qg6 e6 22. Nf4 d5 23. Qxe6 dxc4 24. Qxd7 Rxd7 25.
Ne6 Rf6 26. Nxg7 Rxg7 27. Rbc1 Rb6 28. Rxc4 Rxb2 29. Bxc5 Nxc5 30. Rxc5 Rxe2 31. Ra5 Ra2 32. h4 Rf7 33. g4 Kg7 34. Kg3 Rc2 35. f3 Rc3 36. Ra6 Rb7 37. h5 Rb6 38. Rxa7+ Kf6 39. Ra5 Rbb3 40. Ra6+ Kg7 41. a4 1-0

[Event "Live Chess"]
[Site "Chess.com"]
[Date "2024.06.02"]
[Round "-"]
[White "ACM42"]
[Black "cymbalshift"]
[Result "1-0"]
[WhiteElo "2167"]
[BlackElo "1731"]
[TimeControl "300"]
[EndTime "16:39:52 PDT"]
[Termination "ACM42 won by resignation"]

1. e4 e5 2. Nf3 Nc6 3. Bc4 Bc5 4. c3 Nf6 5. d4 exd4 6. O-O Nxe4 7. cxd4 Bb4 8. d5 Ne7 9. a3 Ba5 10. Qd4 Nf6 11. Bg5 Bb6 12. Qc3 Ng6 13. Re1+ Kf8 14.
Nbd2 h6 15. Bxf6 Qxf6 16. Qb4+ d6 17. Ne4 Qf4 18. a4 Ne5 19. Nxe5 Qxe5 20. Ng3 Qf6 21. Qd2 Bd7 22. a5 Bd4 23. Ne4 Qe5 24. Nc5 Qxe1+ 25. Rxe1 Bxc5 26. b4 Re8 27. Rxe8+ Kxe8 28.
bxc5 Kd8 29. a6 b6 30. c6 Bf5 31. h3 g5 32. g4 Bg6 33. Qd4 Re8 34. Qf6+ Kc8 35.
Qg7 Re1+ 36. Kg2 Be4+ 37. f3 Re2+ 38. Bxe2 1-0

[Event "Live Chess"]
[Site "Chess.com"]
[Date "2024.06.02"]
[Round "-"]
[White "KeithArkell"]
[Black "Sir_Sigmund"]
[Result "1-0"]
[WhiteElo "2412"]
[BlackElo "1853"]
[TimeControl "300"]
[EndTime "16:39:56 PDT"]
[Termination "KeithArkell won by resignation"]

1. d4 g6 2. Nf3 Bg7 3. c4 Nf6 4. Nc3 O-O 5. g3 d6 6. Bg2 c6 7. O-O Re8 8. Bf4 Nh5 9. Be3 f5 10. Qd2 Nd7 11. d5 c5 12. Bh6 Ne5 13. Bxg7 Nxf3+ 14. Bxf3 Nxg7 15. e3 Bd7 16. Rab1 Qc7 17. Rfc1 Rad8 18.
b4 b6 19. bxc5 dxc5 20. a4 Qd6 21. a5 e5 22. axb6 axb6 23. e4 fxe4 24. Nxe4 Qb8 25.
Nf6+ Kh8 26. Nxe8 Rxe8 27. Be4 Nf5 28. Bxf5 Bxf5 29. Rb2 Qa7 30. d6 Qb7 31. Qd5 Rb8 32. Qxe5+ Kg8 33. Qd5+ Kh8 34. Qxb7 Rxb7 35. d7 Bxd7 36.
Rcb1 Be6 37. Rxb6 Rxb6 38. Rxb6 Bxc4 39. Rc6 Bd3 40. Rxc5 Kg7 41. f3 Kf6 42. Kf2 Ke6 43.
h4 Kd6 44. Ra5 h5 45. Ke3 Bc2 46. Ra6+ Kd5 47. Ra5+ Ke6 48. Kf4 Kf6 49. Ra6+ Kg7 50. Kg5 Bf5 51. Ra7+ Kf8 52. Kf6 Ke8 53. Rg7 Kf8 54.
Rxg6 1-0

[Event "Live Chess"]
[Site "Chess.com"]
[Date "2024.06.02"]
[Round "-"]
[White "nigelst"]
[Black "Rusty_Bridges"]
[Result "1-0"]
[WhiteElo "1716"]
[BlackElo "1472"]
[TimeControl "300"]
[EndTime "16:40:34 PDT"]
[Termination "nigelst won by resignation"]

1. e4 d6 2. d4 Nf6 3. Nc3 Nbd7 4. f4 h6 5. Nf3 b6 6. Bc4 Bb7 7. e5 Ne4 8. Nxe4 Bxe4 9. Qe2 Bb7 10. e6 fxe6 11.
Qxe6 d5 12. Bxd5 Bxd5 13. Qxd5 Rb8 14. O-O Nf6 15. Qb3 Qd5 16. Qe3 Ng4 17. Qd3 Qh5 18.
h3 Nf6 19. Qb5+ Kd8 20. Ne5 e6 21. Nc6+ Kc8 22. Nxa7+ Kd8 23. Nc6+ Kc8 24. Qxh5 Nxh5 25. Nxb8 Kxb8 26. Be3 Bd6 27. c4 Rf8 28. c5 bxc5 29.
dxc5 Bxf4 30. Bxf4 Rxf4 31. Rxf4 Nxf4 32. b4 e5 33. a3 Kb7 34. Kf2 Kc6 35. Kf3 Kb5 36. Ke4 Ng6 1-0

[Event "Live Chess"]
[Site "Chess.com"]
[Date "2024.06.02"]
[Round "-"]
[White "NebodarMatevich"]
[Black "Crowded_House"]
[Result "0-1"]
[WhiteElo "1556"]
[BlackElo "1724"]
[TimeControl "300"]
[EndTime "16:41:26 PDT"]
[Termination "Crowded_House won by resignation"]

1. e4 e6 2. b3 d5 3. Bb2 dxe4 4.
Nc3 Nf6 5. Qe2 Bd6 6. O-O-O O-O 7. Nxe4 Nxe4 8. Qxe4 Nd7 9. f4 Nf6 10. Qf3 Rb8 11. g4 h6 12. h4 b6 13. g5 Bb7 14. Qg4 Nxg4 0-1

[Event "Live Chess"]
[Site "Chess.com"]
[Date "2024.06.02"]
[Round "-"]
[White "Outspanner"]
[Black "Yegorych"]
[Result "0-1"]
[WhiteElo "1527"]
[BlackElo "1545"]
[TimeControl "300"]
[EndTime "16:41:32 PDT"]
[Termination "Yegorych won on time"]

1. d4 Nf6 2. Bg5 Ne4 3. h4 h6 4.
Bf4 Nc6 5. f3 Nf6 6. e4 d5 7. e5 Nh5 8. Bh2 g5 9. g4 Nf4 10. Bxf4 gxf4 11. Bb5 Bd7 12. Qd2 a6 13. Bxc6 Bxc6 14. Qxf4 e6 15. Nc3 Be7 16. O-O-O Bxh4 17. Kb1 Bg5 18. Qg3 Qd7 19. f4 Be7 20. Nf3 O-O-O 21.
Rh5 Bb5 22. Rdh1 Bb4 23. Nd2 a5 24. Rxh6 Rxh6 25. Rxh6 a4 26. Rh7 a3 27. Nxb5 Qxb5 28.
c3 Qe2 29. Kc2 axb2 30. cxb4 Qb5 31. Qc3 Qe2 32. Kxb2 Qxg4 33. Rxf7 c6 34. b5 Qg6 35. bxc6 Qxf7 36. cxb7+ Kxb7 0-1

[Event "Live Chess"]
[Site "Chess.com"]
[Date "2024.06.02"]
[Round "-"]
[White "CarmelJane"]
[Black "Silverback7829"]
[Result "1-0"]
[WhiteElo "2078"]
[BlackElo "902"]
[TimeControl "300"]
[EndTime "16:41:46 PDT"]
[Termination "CarmelJane won by checkmate"]

1. e4 e5 2. Nf3 Nc6 3. d4 d6 4. dxe5 dxe5 5. Qxd8+ Nxd8 6. Nxe5 f6 7. Nf3 Bg4 8. Be2 Bxf3 9. Bxf3 Bb4+ 10. c3 Ba5 11.
Be3 Nc6 12. O-O O-O-O 13. Na3 Nge7 14. Nc4 Ne5 15. Nxa5 b6 16. Nb3 Nxf3+ 17. gxf3 h6 18. Rfd1 Rxd1+ 19. Rxd1 Nc6 20. Kf1 g5 21. Ke2 Kb7 22.
Nd4 Nxd4+ 23. Bxd4 Rf8 24. h4 gxh4 25. Rh1 f5 26.
Rxh4 f4 27. Rxh6 Rd8 28. Rf6 Rd7 29. Rxf4 Rd8 30. e5 a5 31. e6 Re8 32. Re4 Rh8 33.
e7 Kc8 34. e8=Q+ Rxe8 35. Rxe8+ Kb7 36. Re3 c6 37. f4 Ka6 38. f5 b5 39. f6 b4 40. f7 Kb5 41. f8=Q a4 42. Qc5+ Ka6 43. Qb6# 1-0

[Event "Live Chess"]
[Site "Chess.com"]
[Date "2024.06.02"]
[Round "-"]
[White "Dhaydon19"]
[Black "MaksymYurii"]
[Result "1-0"]
[WhiteElo "2676"]
[BlackElo "952"]
[TimeControl "300"]
[EndTime "16:42:07 PDT"]
[Termination "Dhaydon19 won by checkmate"]

1. d4 d5 2. Nf3 Nf6 3. c4 dxc4 4.
Nc3 e6 5. e3 Bb4 6. Bxc4 Bxc3+ 7.
bxc3 O-O 8. O-O Nbd7 9. Qe2 Nb6 10. Bd3 a5 11. e4 Ng4 12. e5 f6 13. exf6 Rxf6 14.
Bg5 Nd5 15. Qe4 g6 16. Qxg4 e5 17. Qh4 Nxc3 18. Bxf6 Qd7 19. Bc4+ Kf8 20. Qh6+ Ke8 21. Nxe5 Qxd4 22. Bf7# 1-0

[Event "Live Chess"]
[Site "Chess.com"]
[Date "2024.06.02"]
[Round "-"]
[White "booktrunk"]
[Black "EPotapov05"]
[Result "0-1"]
[WhiteElo "1484"]
[BlackElo "1791"]
[TimeControl "300"]
[EndTime "16:42:12 PDT"]
[Termination "EPotapov05 won by resignation"]

1. d4 d5 2. Nc3 Nf6 3. Bf4 c6 4. Nf3 Bf5 5. h3 h6 6. e3 e6 7. Bd3 Bxd3 8. Qxd3 Bd6 9. Bxd6 Qxd6 10. O-O Nbd7 11.
Rae1 O-O 12. e4 dxe4 13. Nxe4 Nxe4 14. Qxe4 Nf6 15. Qe5 Rfd8 16. Qxd6 Rxd6 17. c3 Rad8 18. Ne5 Nd7 19. Nc4 Rd5 20. Re3 c5 21. dxc5 Nxc5 22. Rfe1 Rd1 23. b4 Rxe1+ 24. Rxe1 Na4 25. Kf1 Nxc3 26. a3 Rd1 27. Rxd1 Nxd1 28. Ke2 Nc3+ 29. Kd3 Nb5 30. a4 Nc7 31. Nd6 b6 32. Nc8 a5 33. b5 Nd5 34. f3 Kf8 35. Kd4 Ke8 36. Nd6+ Ke7 37. Nc8+ Kd7 38. Na7 Ne7 39. g3 Kc7 40.
Ke5 Kb7 41. Kd6 Nf5+ 42. Ke5 Kxa7 0-1

[Event "Live Chess"]
[Site "Chess.com"]
[Date "2024.06.02"]
[Round "-"]
[White "Tushinskiy"]
[Black "alicechristina"]
[Result "1-0"]
[WhiteElo "2212"]
[BlackElo "1924"]
[TimeControl "300"]
[EndTime "16:42:22 PDT"]
[Termination "Tushinskiy won by checkmate"]

1. d4 d5 2. c3 Nf6 3. Nf3 c5 4. Bf4 e6 5. e3 Bd6 6. Bg3 cxd4 7. exd4 Nc6 8. Bd3 O-O 9. Nbd2 Re8 10. Qe2 e5 11. dxe5 Nxe5 12. Nxe5 Bxe5 13. Bxe5 Nd7 14.
f4 f6 15. Qh5 fxe5 16. Qxh7+ Kf8 17. Bg6 exf4+ 18. Kd1 Nf6 19. Qh8+ Ng8 20. Rf1 Bg4+ 21. Kc1 Qf6 22. Bxe8 Rxe8 23. h3 Be2 24. Re1 d4 25.
c4 d3 26. Nf3 b5 27. Qh5 bxc4 28. Qc5+ Qe7 29. Qxe7+ Rxe7 30. Kd2 Nf6 31. Kc3 Ne4+ 32. Kd4 Ng3 33. Nd2 Nf5+ 34. Kxc4 Ne3+ 35. Kc3 Nc2 36.
Rac1 Nxe1 37. Rxe1 Rc7+ 38. Kb3 Rc2 39. Nf3 Bxf3 40.
gxf3 Re2 41. Rd1 Re3 42. Kc3 Rxf3 43. Rxd3 Rxd3+ 44. Kxd3 g5 45. Ke4 Ke7 46. h4 gxh4 47. Kxf4 Kd6 48. Kg4 Kc5 49. Kxh4 Kc4 50. Kg3 a5 51.
Kf2 a4 52. Ke2 a3 53. b3+ Kc3 54. Kd1 Kb2 55. b4 Kxa2 56. b5 Kb1 57. b6 a2 58.
b7 a1=Q 59. b8=Q+ Ka2+ 60. Kc2 Qd4 61. Qb3+ Ka1 62. Qb1# 1-0

[Event "Live Chess"]
[Site "Chess.com"]
[Date "2024.06.02"]
[Round "-"]
[White "Outspanner"]
[Black "NebodarMatevich"]
[Result "1-0"]
[WhiteElo "1561"]
[BlackElo "1547"]
[TimeControl "300"]
[EndTime "16:42:26 PDT"]
[Termination "Outspanner won by resignation"]

1. d4 Nf6 2. Bg5 g6 3. Bxf6 Bg7 4. Bxg7 e5 5. Bxh8 f5 6. Bxe5 d5 7. Nf3 Qd6 8. Bxd6 Nc6 9. Bxc7 Be6 10. Ne5 Nb4 11. c3 1-0

[Event "Live Chess"]
[Site "Chess.com"]
[Date "2024.06.02"]
[Round "-"]
[White "PaulHumphreys"]
[Black "Frankie_Badacsonyi"]
[Result "0-1"]
[WhiteElo "1394"]
[BlackElo "2432"]
[TimeControl "300"]
[EndTime "16:42:33 PDT"]
[Termination "Frankie_Badacsonyi won by resignation"]

1. d4 g6 2. Nc3 Bg7 3. Bf4 c6 4. e4 d5 5. e5 h5 6. Nf3 Bg4 7. h3 Bxf3 8. Qxf3 e6 9. O-O-O Qa5 10. Bd3 Ne7 11. Bg5 Nd7 12. Bxe7 Kxe7 13. g4 c5 14. gxh5 Rxh5 15. dxc5 Nxc5 16. Be2 Rc8 17. Qg3 Rxe5 18.
Qh4+ Bf6 19. Qh7 Na4 0-1

[Event "Live Chess"]
[Site "Chess.com"]
[Date "2024.06.02"]
[Round "-"]
[White "jk0110"]
[Black "educatedlad"]
[Result "0-1"]
[WhiteElo "1221"]
[BlackElo "1712"]
[TimeControl "300"]
[EndTime "16:43:02 PDT"]
[Termination "educatedlad won on time"]

1. e4 c5 2. d4 cxd4 3. c3 dxc3 4. Nxc3 Nc6 5. Nf3 e6 6. Bc4 a6 7. a4 Na5 8. Ba2 Bc5 9. O-O b6 10. Bf4 Ne7 11. Bd6 Bxd6 12. Qxd6 Nac6 13. e5 O-O 14. Rac1 Nf5 15. Qd3 Nb4 16. Qd1 Nxa2 17. Nxa2 Bb7 18. Rc3 Rc8 19. Qd2 Bxf3 20. Rxf3 Rc5 21. Nc3 Rxe5 22. Qf4 d6 23. Ne4 Nd4 24. Nf6+ gxf6 25. Qxd4 Kh8 26. Rh3 Rg8 27. Qh4 Rg7 28. f4 Re2 29.
Rg3 Rxb2 30. Rxg7 Kxg7 31. Qg4+ Kh8 32. Rf3 Rb1+ 33. Kf2 Qc8 34. Qh5 Qc5+ 35. Kg3 Qxh5 0-1

[Event "Live Chess"]
[Site "Chess.com"]
[Date "2024.06.02"]
[Round "-"]
[White "CheckThis4"]
[Black "Duke_of_Bebington"]
[Result "1-0"]
[WhiteElo "2693"]
[BlackElo "1632"]
[TimeControl "300"]
[EndTime "16:43:04 PDT"]
[Termination "CheckThis4 won by resignation"]

1. e4 e5 2. Nf3 Nf6 3. d4 Nxe4 4. dxe5 d5 5. Nbd2 Nc6 6. Bb5 Bc5 7. Nxe4 dxe4 8.
Bxc6+ bxc6 9. Qxd8+ Kxd8 10. Ng5 Be6 11. Nxe4 Be7 12.
Bf4 Kc8 13. O-O-O Kb7 14. b3 Rhd8 15. Kb2 Rd7 16. Bg5 Bxg5 17. Nxg5 Bf5 18. Rxd7 Bxd7 19. Rd1 Be6 20. Nxe6 fxe6 21. Rd7 Rf8 22. f3 Rf5 23. Rxg7 Rxe5 24. Rxh7 Re2 25. Rg7 Kb6 26. h4 1-0

[Event "Live Chess"]
[Site "Chess.com"]
[Date "2024.06.02"]
[Round "-"]
[White "Rusty_Bridges"]
[Black "KeithArkell"]
[Result "0-1"]
[WhiteElo "1472"]
[BlackElo "2412"]
[TimeControl "300"]
[EndTime "16:43:15 PDT"]
[Termination "KeithArkell won by resignation"]

1. e4 c6 2. Nf3 d5 3. e5 Bg4 4. Be2 e6 5. d4 Bxf3 6. Bxf3 c5 7. dxc5 Nc6 8. O-O Bxc5 9. a3 Nxe5 10. Re1 Nxf3+ 11.
Qxf3 Nf6 12. Nc3 O-O 13. Bg5 Be7 14. Re2 Rc8 15. Rae1 a6 16. Nxd5 Nxd5 17. Bxe7 Nxe7 18.
Re4 Qd2 19. Qh5 g6 20. Qg5 Qxg5 0-1

[Event "Live Chess"]
[Site "Chess.com"]
[Date "2024.06.02"]
[Round "-"]
[White "gobbles19"]
[Black "stevochess11"]
[Result "1-0"]
[WhiteElo "2269"]
[BlackElo "1702"]
[TimeControl "300"]
[EndTime "16:43:53 PDT"]
[Termination "gobbles19 won by checkmate"]

1. e4 c5 2. d4 cxd4 3. c3 Nc6 4.
Nf3 d6 5. Bc4 g6 6. O-O Bg7 7. cxd4 Bg4 8. Bxf7+ Kxf7 9. Ng5+ Ke8 10. Qxg4 Nf6 11. Qe6 Rf8 12. Be3 Qd7 13. Qb3 h6 14. Ne6 Rf7 15. Nc3 Ng4 16. Nxg7+ Rxg7 17. Nd5 e6 18. Nf4 Re7 19. Rac1 Kf7 20. d5 exd5 21.
Nxd5 Re6 22. Nf4 Re8 23. Nxe6 Qxe6 24. Qxe6+ Rxe6 25. h3 Nxe3 26. fxe3+ Kg7 27. Rc4 Ne5 28. Rb4 b6 29. Rd1 Nc6 30. Rc4 Ne5 31. Rcd4 b5 32. Rxd6 Rxd6 33. Rxd6 Nc4 34. Rd7+ Kf6 35. Rxa7 Nxb2 36.
Rb7 Nd1 37. Rxb5 Nxe3 38. a4 Nc4 39. a5 Nd2 40. a6 Nxe4 41. a7 g5 42. a8=Q Kg6 43.
Qxe4+ Kh5 44. Qe8+ Kh4 45. Rb4+ g4 46. Rxg4# 1-0

[Event "Live Chess"]
[Site "Chess.com"]
[Date "2024.06.02"]
[Round "-"]
[White "toog"]
[Black "IgorSchukin"]
[Result "1-0"]
[WhiteElo "2606"]
[BlackElo "1745"]
[TimeControl "300"]
[EndTime "16:44:25 PDT"]
[Termination "toog won on time"]

1. e4 c5 2. Nc3 e6 3. f4 Nc6 4. Nf3 d5 5. Bb5 d4 6. Ne2 Bd7 7. O-O Nf6 8. d3 Be7 9. a3 O-O 10. Bc4 a6 11. Ba2 b5 12. h3 a5 13. Ng3 a4 14. f5 b4 15. Ng5 Qb6 16. fxe6 Bxe6 17. Nxe6 fxe6 18. Bxe6+ Kh8 19. Bf4 bxa3 20. bxa3 Nd8 21. Bc4 Nc6 22. Nf5 Rae8 23. Rb1 Qa7 24. Bb5 Rc8 25. Qe1 Nd8 26. Nxe7 Qxe7 27. Bxa4 Ne6 28. Bh2 c4 29. Bb5 cxd3 30. cxd3 Qxa3 31. Bc4 Nc5 32. Bd6 Rfd8 33. Be7 Re8 34. Bxf6 gxf6 35. Qf2 Rf8 36. Qxd4 Rcd8 37. Qe3 Nxd3 38. Rb3 Qc5 39. Rxd3 Qxc4 40. Rxd8 Rxd8 41. Rxf6 Qd4 42. Qxd4 Rxd4 43. Rf4 Kg7 44. Kf2 Kg6 45. Kf3 h5 46. Rf5 Rd3+ 47.
Kf2 h4 48. Rd5 Rxd5 49. exd5 Kf6 50. Kf3 Ke5 51. Kg4 Kxd5 52. Kxh4 Ke6 53. Kg5 Kf7 54. Kh6 Kg8 55. g4 Kh8 56. g5 Kg8 57. h4 Kh8 58. h5 1-0

[Event "Live Chess"]
[Site "Chess.com"]
[Date "2024.06.02"]
[Round "-"]
[White "NebodarMatevich"]
[Black "Tushinskiy"]
[Result "0-1"]
[WhiteElo "1547"]
[BlackElo "2212"]
[TimeControl "300"]
[EndTime "16:45:01 PDT"]
[Termination "Tushinskiy won by resignation"]

1. e4 e5 2. d4 d6 3. dxe5 Nc6 4. exd6 Bxd6 5. Nc3 Qe7 6. Bd2 Nf6 7. Qe2 Bd7 8.
O-O-O O-O-O 9. f4 Bg4 10. Nf3 Nd4 11. e5 Nxe2+ 12. Bxe2 Bxf3 13. Bxf3 Bxe5 14. fxe5 Qxe5 15. Rhe1 Qxh2 16. Nb5 a6 17. Na7+ Kb8 18. Be3 Rxd1+ 19.
Rxd1 Qe5 20. Bd4 Qf4+ 21. Kb1 Rd8 22. Nc6+ bxc6 23. Ba7+ Kc8 24. Rxd8+ Kxd8 0-1

[Event "Live Chess"]
[Site "Chess.com"]
[Date "2024.06.02"]
[Round "-"]
[White "AlexanderMatlak"]
[Black "GEMdzq"]
[Result "1-0"]
[WhiteElo "2414"]
[BlackElo "2294"]
[TimeControl "300"]
[EndTime "16:45:05 PDT"]
[Termination "AlexanderMatlak won by resignation"]

1. c4 Nf6 2. Nf3 c5 3. Nc3 e6 4. g3 d5 5. cxd5 exd5 6. d4 Nc6 7. Bg2 Be7 8. O-O O-O 9. h3 h6 10. Be3 c4 11. Ne5 Be6 12. f4 Rc8 13. f5 Bd7 14. g4 Bb4 15. Nxd5 Nxd5 16. Bxd5 Nxe5 17. dxe5 Bc6 18. Bxc6 Rxc6 19. Qxd8 Rxd8 20. Rfd1 Re8 21. Bd4 Bc5 22. Rac1 Bxd4+ 23. Rxd4 Rxe5 24. Kf2 Rb5 25. Rc2 Rc7 26. e3 Rbc5 27. Ke2 Kf8 28. Kd2 Ke7 29. Kc3 a5 30. a4 Re5 31. e4 Rec5 32. Rcd2 Kf6 33.
Rd5 Kg5 34. e5 h5 35. e6 Rxd5 36. Rxd5 hxg4 37. hxg4 fxe6 38. fxe6+ Kxg4 39. Rd7 Rc6 40. Rxg7+ Kf5 41. Rxb7 Kxe6 42. Rb5 Kd6 43. Rxa5 Rc8 44. Rb5 Rc7 45. Kd4 Ra7 46. Rb4 c3 47. bxc3 Kc6 48. Kc4 Rh7 49. Kb3 Rh1 50. a5 Rb1+ 51. Kc4 Ra1 52.
Rb6+ Kc7 53. Rb5 Ra4+ 54. Kc5 Ra3 55. c4 Ra1 56. Kb4 Rb1+ 57. Kc3 Rc1+ 58. Kd4 Rd1+ 59. Ke3 Ra1 60. Rh5 Ra3+ 61. Kd4 Ra1 62. Rg5 Kc6 63.
a6 Rxa6 64. Rg6+ Kb7 65. Rxa6 Kxa6 66. Kc5 Kb7 67. Kd6 Kc8 68. Kc6 Kb8 69. Kd7 Kb7 70. c5 1-0